 Dungeon Crawl Stone Soup version 0.25-b1-29-g4cfa5c7bda (webtiles) character file.

Game seed: 2420116399048014453, levelgen mode: deterministic

73 Mrkan the Shield-Bearer (level 4, -13/40 HPs)
             Began as a Minotaur Fighter on June 3, 2020.
             Killed by divine providence
             ... invoked by an orc priest
              (14 damage)
             ... on level 2 of the Dungeon.
             The game lasted 00:01:19 (995 turns).

Mrkan the Shield-Bearer (Minotaur Fighter)           Turns: 995, Time: 00:01:19

Health: -13/40     AC:  7    Str: 21    XL:     4   Next: 8%
Magic:  3/3        EV:  7    Int:  5    God:
Gold:   22         SH:  9    Dex: 10    Spells: 3/3 levels left

rFire    . . .     SeeInvis .   a - +0 war axe
rCold    . . .     Gourm    .   c - +0 kite shield
rNeg     . . .     Faith    .   b - +0 scale mail
rPois    .         Spirit   .   (helmet restricted)
rElec    .         Reflect  .   (no cloak)
rCorr    .         Harm     .   (no gloves)
MR       .....                  (no boots)
Stlth    ..........             (no amulet)
HPRegen  0.13/turn              (no ring)
MPRegen  0.08/turn              (no ring)

@: no status effects
A: retaliatory headbutt, horns 2
a: no special abilities


You were on level 2 of the Dungeon.
You were not hungry.

You visited 1 branch of the dungeon, and saw 2 of its levels.

You collected 22 gold pieces.

Inventory:

Hand Weapons
 a - a +0 war axe (weapon)
Armour
 b - a +0 scale mail (worn)
 c - a +0 kite shield (worn)
Scrolls
 j - 2 scrolls of remove curse {unknown}
 l - 2 scrolls of identify {unknown}
Potions
 d - 3 potions of might
 e - a potion of stabbing {unknown}
 h - a potion of magic {unknown}
 i - 2 potions of lignification {unknown}
 k - 2 potions of haste {unknown}
 m - a potion of invisibility {unknown}
Comestibles
 f - a ration
 g - a chunk of flesh


   Skills:
 + Level 4.2 Fighting
 * Level 3.8 Axes
 + Level 4.2 Armour
 + Level 4.2 Shields


You had 3 spell levels left.
You didn't know any spells.
Your spell library was empty.

Dungeon Overview and Level Annotations

Branches:
Dungeon (2/15)

Altars:


Innate Abilities, Weirdness & Mutations

You reflexively headbutt those who attack you in melee.
You have a pair of horns on your head.


Message History

The orc priest barely misses you. The orc priest hits you with a +0 club.
* * * LOW HITPOINT WARNING * * *
The orc wizard gestures at you while chanting.
The magic dart hits you.
* * * LOW HITPOINT WARNING * * *
You closely miss the orc priest.
The orc priest is moderately wounded.
You block the orc priest's attack.
You closely miss the orc priest. You headbutt the orc priest.
The orc priest is heavily wounded.
The orc priest hits you with a +0 club.
* * * LOW HITPOINT WARNING * * *
You hit the orc priest. Your headbutt misses the orc priest.
The orc priest is severely wounded.
The orc priest barely misses you. You block the orc priest's attack.
You completely miss the orc priest. Your headbutt misses the orc priest.
The orc priest is severely wounded.
The orc priest mumbles some strange prayers to Beogh against you.
Beogh smites you!
You die...

# .# #. #.
##.##
#####...###
......o@..#
#####..o#.#
##.##.###
#. #...# #.
###.# ..
#.# #. #.#
.. #<# #.#


You could see an orc priest and an orc wizard.

Vanquished Creatures
  An orc priest (D:2)
  An adder (D:2)
  A dart slug (D:1)
  A leopard gecko (D:1)
  2 orcs (D:2)
  5 giant cockroaches
  3 goblins (D:1)
  3 hobgoblins (D:1)
  3 kobolds (D:1)
  3 bats (D:1)
  5 frilled lizards (D:1)
  A rat (D:1)
29 creatures vanquished.

Notes
Turn   | Place    | Note
-------+----------+-------------------------------------------
     0 | D:1      | Mrkan the Minotaur Fighter began the quest for the Orb.
     0 | D:1      | Reached XP level 1. HP: 19/19 MP: 0/0
   265 | D:1      | Reached XP level 2. HP: 27/27 MP: 1/1
   952 | D:2      | Reached XP level 3. HP: 30/33 MP: 2/2
   987 | D:2      | Reached XP level 4. HP: 33/40 MP: 3/3
   991 | D:2      | HP: 1/40 [orc wizard/magic dart (2)]
   995 | D:2      | Killed from afar by an orc priest

Illustrated notes

Levels and vault maps discovered:
D:1:      shiori_arrival_maze, layout_basic, solitary_fountain
D:2:      layout_loops_ring, grunt_temple_overflow_diamond

Skill      XL: |  1  2 |
---------------+-------+-----
Axes           | 3 |  3.8
Shields        | 4 |  4.2
Fighting       | 4 |  4.2
Armour         | 4 |  4.2

Action                   |  1- 3 |  4- 6 || total
-------------------------+-------+-------++-------
Melee: War axe           |    66 |     7 ||    73
       Headbutt          |     4 |     2 ||     6
Armor: Scale mail        |    33 |     1 ||    34
Dodge: Dodged            |    22 |     3 ||    25
Block: Kite shield       |    43 |     4 ||    47
